 Dungeon Crawl Stone Soup version 0.28-a0-265-g048bc9fd10 (webtiles) character file.

Game seed: 4189203244951018204

856 Shayle the Ducker (level 8, -3/87 HPs)
             Began as a Djinni Warper on Aug 27, 2021.
             Was an Initiate of Makhleb.
             Slain by a water moccasin (6 damage)
             ... on level 6 of the Dungeon.
             The game lasted 00:14:19 (6670 turns).

Shayle the Ducker (Djinni Warper)                   Turns: 6670, Time: 00:14:20

Health: -3/87      AC: 24    Str: 10    XL:     8   Next: 22%
Gold:   194        EV:  2    Int: 16    God:    Makhleb [......] SH:  0 Dex: 14

rFire   . . .      SeeInvis .   w - +1 long sword
rCold   . . .      Faith    .   (no shield)
rNeg    + + +      Spirit   .   (armour currently unavailable)
rPois   ∞          Reflect  .   (helmet currently unavailable)
rElec   .          Harm     .   (cloak currently unavailable)
rCorr   .          Rampage  .   (gloves currently unavailable)
Will    .....      NoTele   +   (boots unavailable)
Stlth   +.........              (no amulet)
HPRegen 0.24/turn               i - ring of wizardry
MPRegen 0.00/turn               (no ring)

@: mighty, tree-form
A: stationary, stasis, torment immunity, boosted hp, sickness immunity, (fire
resistance 2), (cold vulnerability 1), float, innate caster, hp casting, extra
vitality 1
a: Renounce Religion


You were on level 6 of the Dungeon.
You worshipped Makhleb.
Makhleb was noncommittal.
You were a tree.
You visited 2 branches of the dungeon, and saw 7 of its levels.

You collected 194 gold pieces.

Inventory:

Hand Weapons
 g - a +2 vorpal hand axe
 h - a +2 falchion
 n - a +2 short sword of draining
 p - a +2 dagger of flaming
 w - a +1 long sword (weapon)
Armour
 a - a +0 leather armour (melded)
 j - a +0 buckler
 k - a +0 pair of gloves (melded)
 u - a +0 cloak (melded)
Jewellery
 i - a ring of wizardry (left branch)
 o - a ring of ice
 s - a ring of resist corrosion
Wands
 d - a wand of polymorph (8)
 v - a wand of paralysis (2)
Scrolls
 b - a scroll of blinking
 e - a scroll of amnesia
 l - 5 scrolls of magic mapping
Potions
 c - a potion of might
 f - 3 potions of flight
 m - a potion of degeneration {unknown}
 q - a potion of attraction
 t - a potion of lignification


   Skills:
 + Level 4.5 Fighting
 - Level 0.7 Throwing
 - Level 1.0 Armour
 + Level 5.0 Dodging
 + Level 1.1 Shields
 + Level 4.5 Unarmed Combat
 + Level 3.9 Spellcasting
 + Level 0.6 Invocations
 + Level 1.7 Evocations


You couldn't memorise any spells.
You knew the following spells:

 Your Spells              Type           Power      Damage    Failure   Level
a - Blink                 Tloc           N/A        N/A       1%          2
b - Lesser Beckoning      Tloc           7%         N/A       4%          3
c - Gell's Gravitas       Tloc           7%         N/A       4%          3
d - Teleport Other        Tloc           15%        N/A       4%          3
e - Manifold Assault      Tloc           15%        N/A       34%         5
f - Freeze                Ice            60%        1d8       1%          1
g - Corpse Rot            Necr/Air       N/A        N/A       1%          2
h - Call Canine Familiar  Summ           15%        N/A       4%          3
Your spell library was empty.

Dungeon Overview and Level Annotations

Branches:
Dungeon (6/15)             Temple (1/1) D:6

Altars:
Dithmenos
Elyvilon
Fedhas
Gozag
Hepliaklqana
Kikubaaqudgha
Makhleb
Nemelex Xobeh
Okawaru
Qazlal
Ru
Sif Muna
Trog
Vehumet
Wu Jian
Yredelemnul
Zin


Innate Abilities, Weirdness & Mutations

You are a tree.
Your roots penetrate the ground, keeping you stationary.
You cannot be teleported.
You are immune to unholy pain and torment.
Your maximum health is greatly increased.
Your equipment is partially melded.
You are immune to sickness and miasma.
You are immune to poison.
((Your flesh is very heat resistant. (rF++)))
((You are vulnerable to cold. (rC-)))
You float through the air rather than walking.
You learn spells naturally, not from books.
Your magical power is your life essence.
You have superior vitality. (+4 HP)


Message History

The wight completely misses you.
The water moccasin bites you but does no damage.
The wight hits you with a +0 mace.
Unknown command.
You slash the water moccasin!
The water moccasin is moderately wounded.
The water moccasin bites you. The wight closely misses you.
The water moccasin misses you.
Unknown command.
You completely miss the water moccasin.
The water moccasin is moderately wounded.
The water moccasin barely misses you. The wight hits you with a +0 mace.
The water moccasin bites you. The wight hits you with a +0 mace.
* * * LOW HITPOINT WARNING * * *
Unknown command.
You feel better.
The water moccasin bites you but does no damage.
The wight hits you with a +0 mace.
You slash the water moccasin!
The water moccasin is severely wounded.
The water moccasin bites you.
* * * LOW HITPOINT WARNING * * *
The water moccasin closely misses you. The wight barely misses you.
Unknown command.
You feel better. The water moccasin bites you.
* * * LOW HITPOINT WARNING * * *
The wight hits you with a +0 mace!
* * * LOW HITPOINT WARNING * * *
You miss the water moccasin.
The water moccasin is severely wounded.
The water moccasin closely misses you. The wight hits you with a +0 mace!
* * * LOW HITPOINT WARNING * * *
The water moccasin bites you but does no damage.
Unknown command.
It was a potion of lignification.
You turn into a tree.
Your +0 cloak melds into your body.
Your +0 pair of gloves melds into your body.
Your +0 leather armour melds into your body.
Your roots penetrate the ground.
The water moccasin bites you.
You die...

########
###########.......
#♣z...........####
##S...........
#.g...........
#............o.
###..............
........).........
..###............z.
#.............. ##
##.............##.


You could see a water moccasin, a wight and a gnoll.

Vanquished Creatures
  A centaur (D:5)
  A gnoll sergeant (D:5)
  A scorpion (D:5)
  A water moccasin skeleton (D:5)
  3 wights
  A jelly (D:4)
  3 hounds (D:4)
  Natasha (thrice) (D:3)
  An orc wizard (D:6)
  A hound skeleton (D:4)
  8 gnolls
  7 adders
  An ufetubus (D:6)
  2 dart slugs
  3 orcs
  6 ball pythons
  2 bats
  5 endoplasms
  5 giant cockroaches
  4 goblins
  A hobgoblin (D:1)
  3 jackals (D:1)
  6 kobolds
  2 quokkas (D:3)
  3 frilled lizards
  10 rats
84 creatures vanquished.

Vanquished Creatures (collateral kills)
  A bullfrog skeleton (D:5)
  An orc priest (D:6)
  An iguana (D:5)
  2 gnolls (D:5)
  2 orcs (D:5)
7 creatures vanquished.

Grand Total: 91 creatures vanquished

Notes
Turn   | Place    | Note
-------+----------+-------------------------------------------
     0 | D:1      | Shayle the Djinni Warper began the quest for the Orb.
     0 | D:1      | Reached XP level 1. HP: 18/18 MP: 0/0
    23 | D:1      | Found Tafagadgh's Weapon Emporium.
   311 | D:1      | Reached XP level 2. HP: 20/23 MP: 0/0
  1042 | D:1      | Found a faded altar of an unknown god.
  1137 | D:2      | Reached XP level 3. HP: 29/29 MP: 0/0
  1137 | D:2      | Learned a level 1 spell: Freeze
  1345 | D:2      | Reached skill level 3 in Dodging
  1345 | D:2      | Reached XP level 4. HP: 30/34 MP: 0/0
  1908 | D:3      | Noticed Natasha
  1921 | D:3      | Killed Natasha
  1922 | D:3      | Reached XP level 5. HP: 19/40 MP: 0/0
  1922 | D:3      | Learned a level 2 spell: Corpse Rot
  2130 | D:3      | Noticed Natasha
  2134 | D:3      | Killed Natasha
  2481 | D:3      | Noticed Natasha
  2660 | D:3      | Killed Natasha
  2812 | D:4      | Found a hazy altar of Hepliaklqana.
  3030 | D:4      | Reached XP level 6. HP: 45/46 MP: 0/0
  3347 | D:4      | Reached skill level 4 in Dodging
  3853 | D:5      | Entered Level 5 of the Dungeon
  3867 | D:5      | Reached XP level 7. HP: 26/51 MP: 0/0
  3867 | D:5      | Learned a level 3 spell: Call Canine Familiar
  5047 | D:5      | Reached skill level 1 in Evocations
  5360 | D:5      | Found a bloodstained altar of Trog.
  5360 | D:5      | Found a sparkling altar of Nemelex Xobeh.
  5362 | D:5      | Found a sacrificial altar of Ru.
  5727 | D:6      | Reached XP level 8. HP: 46/58 MP: 0/0
  5733 | D:6      | Found a staircase to the Ecumenical Temple.
  5742 | Temple   | Entered the Ecumenical Temple
  5882 | Temple   | Became a worshipper of Makhleb the Destroyer
  6438 | D:5      | Reached skill level 1 in Shields
  6658 | D:6      | Reached skill level 5 in Dodging
  6669 | D:6      | HP: 1/58 [wight (8)]
  6670 | D:6      | Slain by a water moccasin

Illustrated notes

Levels and vault maps discovered:
D:1:      minmay_arrival_doors, layout_loops_ring,
          ebering_ecumenical_altar_hall, serial_shops, shop, minmay_pentomino_r4
D:2:      layout_loops_ring
D:3:      layout_rooms, minmay_close_crescents, uniq_natasha
D:4:      layout_basic, nzn_hepliaklqana_mist_gate
D:5:      layout_cave_pools, minitemple, nicolae_vehumet_altar_sigil
D:6:      layout_rooms, temple_pool_b, kennysheep_generic_room_11
Temple:   nicolae_temple_hex_pool

Skill      XL: |  1  2  3  4  5  6  7  8 |
---------------+-------------------------+-----
Dodging        | 3 4 5 |  5.0
Fighting       | 3 4 |  4.5
Unarmed Combat | 3 4 |  4.5
Spellcasting   | 3 |  3.9
Evocations     | 1 |  1.7
Shields        | 1 |  1.1
Throwing       | |  0.7
Armour         | |  1.0
Invocations    | |  0.6

Action                   |  1- 3 |  4- 6 |  7- 9 || total
-------------------------+-------+-------+-------++-------
Melee: Unarmed           |    12 |       |       ||    12
       Hand axe          |    72 |    68 |       ||   140
       Punch             |     1 |     1 |     3 ||     5
       Short sword       |       |    58 |   123 ||   181
       Long sword        |       |       |     5 ||     5
Throw: Boomerang         |       |     5 |       ||     5
 Cast: Call Canine Famil |       |       |    10 ||    10
Evoke: Wand              |       |       |     3 ||     3
  Use: Scroll            |     5 |     3 |     8 ||    16
       Potion            |       |       |     5 ||     5
 Stab: Sleeping          |       |     1 |     1 ||     2
       Distracted        |       |       |     2 ||     2
       Paralysed         |       |       |    23 ||    23
Armor: Leather armour    |    28 |    45 |    16 ||    89
Dodge: Dodged            |    68 |   120 |   100 ||   288

Table legend: (Time is in decaauts)
 A = Elapsed time spent in this place.
 B = Non-inter-level travel time spent in this place.
 C = Inter-level travel time spent in this place.
 D = Time resting spent in this place.
 E = Time spent auto-exploring this place.
 F = Levels seen in this place.
 G = Mean time per level.
                   A        B        C        D        E       F      G
               +--------+--------+--------+--------+--------+-----+--------+
         Total |   6742 |   6512 |    230 |   2180 |   3048 |   7 |  963.1 |
       Dungeon |   6573 |   6351 |    222 |   2180 |   2904 |   6 | 1095.5 |
        Temple |    168 |    160 |      8 |      0 |    144 |   1 |  168.0 |
               +--------+--------+--------+--------+--------+-----+--------+

Top non-repeatable levels by time:
     D:5: 1845 daAuts
     D:4: 1691 daAuts
     D:1: 1141 daAuts
     D:3: 908 daAuts
     D:2: 796 daAuts
     D:6: 190 daAuts
  Temple: 168 daAuts
